 Dungeon Crawl Stone Soup version 0.19.5 (webtiles) character file.

4697 miragecloak the Martial Artist (level 10, -8/63 HPs)
             Began as an Octopode Transmuter on May 10, 2017.
             Was a Follower of Ashenzari.
             Mangled by a hornet (17 damage)
             ... on level 10 of the Dungeon.
             The game lasted 00:22:28 (12432 turns).

miragecloak the Martial Artist (OpTm)              Turns: 12432, Time: 00:22:29

Health: -8/63      AC:  5    Str:  6 (9)  XL:     10   Next: 45%
Magic:  14/16      EV: 20    Int: 11 (15) God:    Ashenzari [*.....]
Gold:   364        SH:  0    Dex: 20 (22) Spells: 4 memorised, 4 levels left

rFire  . . .     SeeInvis +       - Unarmed
rCold  . . .     Gourm    .     (shield currently unavailable)
rNeg   . . .     Faith    .     (helmet currently unavailable)
rPois  x         Spirit   .     (no amulet)
rElec  .         Reflect  .     k - +3 ring of protection (curse)
rCorr  +         Harm     .     o - ring of resist corrosion (curse)
MR     +....                    e - ring of flight (curse)
Stlth  ++........               w - ring of see invisible (curse)
                                y - ring of protection from magic (curse)
                                (no ring)
                                (no ring)
                                (no ring)

@: lethally poisoned (-8 -> -23), spider-form (expiring), slowed, very slow
A: almost no armour, stealthy swim, (amphibious), 8 rings, (constrict 8), (slimy
green scales 0), (camouflage 0), deterioration 2, (poison resistance),
(gelatinous body 0), MP-powered wands
a: End Transformation, Curse Item, Scrying, Renounce Religion, Evoke Flight


You were on level 10 of the Dungeon.
You worshipped Ashenzari.
Ashenzari was aware of your devotion.
You were hungry.
You were a venomous arachnid creature.
You visited 3 branches of the dungeon, and saw 12 of its levels.

You collected 364 gold pieces.

Inventory:

Missiles
 a - 132 arrows
Jewellery
 e - a cursed ring of flight (on tentacle)
 k - a cursed +3 ring of protection (left front leg)
 o - a cursed ring of resist corrosion (right front leg)
 w - a cursed ring of see invisible (on tentacle)
 y - a cursed ring of protection from magic (on tentacle)
Wands
 m - a wand of lightning (1/15)
 p - a wand of random effects (35/48)
 r - a wand of flame (20/48)
Scrolls
 f - 2 scrolls of enchant weapon {unknown}
 h - 8 scrolls of identify {unknown}
 n - 3 scrolls of fear {unknown}
 s - a scroll of enchant armour {unknown}
 t - a scroll of amnesia {unknown}
 u - a scroll of vulnerability {unknown}
Potions
 j - a potion of magic {unknown}
 l - a potion of cancellation {unknown}
 q - a potion of degeneration {unknown}
 v - a potion of might {unknown}
 z - a potion of resistance
Books
 b - a book of Changes

   Spells                             Type                      Level
   a - Beastly Appendage              Transmutation                1
   b - Sticks to Snakes               Transmutation                2
   c - Spider Form                    Transmutation/Poison         3
   d - Ice Form                       Ice/Transmutation            4
   e - Blade Hands                    Transmutation                5
Comestibles
 c - 6 bread rations
 d - a beef jerky
 g - 4 chunks of flesh
 i - a meat ration


   Skills:
 - Level 4.1 Fighting
 - Level 2.0 Dodging
 - Level 11.6 Unarmed Combat
 - Level 4.1 Spellcasting
 + Level 6.7 Transmutations
 - Level 3.1 Ice Magic
 - Level 3.4 Poison Magic


You had 4 spell levels left.
You knew the following spells:

 Your Spells              Type           Power        Failure   Level  Hunger
a - Beastly Appendage     Tmut           ###...       6%          1    #......
b - Spider Form           Tmut/Pois      ##........   24%         3    ###....
c - Blade Hands           Tmut           ###.......   67%         5    ######.
d - Ice Form              Ice/Tmut       ##......     61%         4    #####..


Dungeon Overview and Level Annotations

Branches:
Dungeon (10/15)            Temple (1/1) D:4            Lair (1/6) D:9
    Orc: D:9-12

Altars:
Ashenzari
Cheibriados
Dithmenos
Fedhas
Gozag
Hepliaklqana
Kikubaaqudgha
Makhleb
Nemelex Xobeh
Okawaru
Qazlal
Ru
Sif Muna
Trog
Uskayaw
Xom
Yredelemnul
Zin
The Shining One
Lugonu

Shops:
D:5 [

Annotations:
D:3 mcbry's ghost, amateur TrMo
Lair:1 PeterLawrence's ghost, novice MiFi


Innate Abilities, Weirdness & Mutations

You cannot wear most types of armour.
You are very stealthy in the water. (Stealth+)
((You are amphibious.))
You can wear up to eight rings at the same time.
((You can use your tentacles to constrict eight enemies at once.))
((Your skin changes colour to match your surroundings (Stealth+).))
((Your rubbery body absorbs attacks. (AC +1, EV +1)))
((You are partially covered in slimy green scales. (AC +2)))
Your body often deteriorates upon taking damage.
((Your system is resistant to poisons. (rPois)))
You expend magic power (3 MP) to strengthen your wands.


Message History

You feel sick. The hornet stings you.
You feel as though you will be slow longer.
The hornet stings you!
* * * LOW HITPOINT WARNING * * *
You feel as though you will be slow longer.
A soldier ant comes into view.
The soldier ant twitches its antennae in your direction.
You can move again.
Okay, then.
You feel better. The hornet barely misses you.
The hornet completely misses you. The hornet stings you.
* * * LOW HITPOINT WARNING * * *
You are lethally poisoned!
You feel as though you will be slow longer.
The hornet completely misses you. The hornet barely misses you.
Okay, then.
* * * LOW HITPOINT WARNING * * *
You feel very sick. The hornet stings you!
You die...

#. #.###.##### #.
###.##....... #.
#....#.......
###.###....#..##.##
.....(.....#..##)## ##
##.......#..##.##
#.#.#...<...#..##.##
{#y##....#'##..##..)
#y#s.....#.##..##.##
####a#.##.##.#.##.###.##
#.#######.##.#.##.###.##
#.##....####.#..........
#.##.##.# #.#......#.##
#....##.####.#....###.##
####.##........#..# #.#
#.#######.#.#..# #.#
#...........#.......


You could see a hornet.

Vanquished Creatures
  5 yaks (D:9)
  A basilisk (Lair:1)
  Menkaure (D:4)
  2 hell hounds
  4 orc warriors
  A sky beast (D:6)
  7 ogres
  A centaur (D:7)
  5 bullfrogs
  A wyvern zombie (D:9)
  3 scorpions
  A killer bee (D:9)
  7 wights (D:6)
  5 howler monkeys
  6 crimson imps
  A quasit (D:5)
  3 jellies
  2 centaur zombies
  4 hounds
  6 orc priests
  2 bullfrog skeletons
  3 orc wizards
  2 iguanas
  5 worker ants
  A killer bee zombie (D:7)
  2 howler monkey zombies (D:9)
  Robin (D:4)
  4 gnolls
  10 adders
  3 shadow imps
  An adder zombie (D:6)
  An ooze (D:2)
  3 adder skeletons
  5 worms
  3 dart slugs
  A leopard gecko (D:1)
  23 orcs
  A ball python (D:3)
  3 giant cockroaches
  18 goblins
  7 hobgoblins
  11 jackals
  7 kobolds
  5 quokkas
  8 bats
  8 frilled lizards
  A giant cockroach zombie (D:5)
  A quokka skeleton (D:9)
  11 rats
217 creatures vanquished.

Notes
Turn   | Place    | Note
-------+----------+-------------------------------------------
     0 | D:1      | miragecloak the Octopode Transmuter began the quest for the Orb.
     0 | D:1      | Reached XP level 1. HP: 13/13 MP: 3/3
   209 | D:1      | Reached XP level 2. HP: 17/18 MP: 1/5
  1058 | D:1      | Reached XP level 3. HP: 21/23 MP: 4/6
  1470 | D:1      | Learned a level 3 spell: Spider Form
  1807 | D:2      | Reached skill level 1 in Poison Magic
  2034 | D:2      | Reached XP level 4. HP: 16/28 MP: 1/7
  2195 | D:2      | Noticed a moth of wrath
  2199 | D:2      | Found a bloodstained altar of Trog.
  2657 | D:3      | Noticed mcbry's ghost (amateur TrMo)
  2797 | D:3      | Reached XP level 5. HP: 20/33 MP: 4/8
  3358 | D:3      | Reached XP level 6. HP: 32/38 MP: 6/9
  3426 | D:3      | Found a glowing silver altar of Zin.
  3428 | D:3      | Reached skill level 4 in Unarmed Combat
  4030 | D:4      | Reached skill level 5 in Unarmed Combat
  4134 | D:4      | Reached XP level 7. HP: 23/45 MP: 7/10
  4427 | D:4      | Noticed Robin
  4452 | D:4      | Killed Robin
  4787 | D:4      | Found a staircase to the Ecumenical Temple.
  4787 | D:4      | Noticed Menkaure
  4804 | D:4      | Reached skill level 6 in Unarmed Combat
  4823 | D:4      | HP: 2/45 [Menkaure/nerve-wracking pain (8)]
  4827 | D:5      | Entered Level 5 of the Dungeon
  5622 | D:4      | Killed Menkaure
  6059 | D:4      | Reached skill level 7 in Unarmed Combat
  6089 | Temple   | Entered the Ecumenical Temple
  6359 | Temple   | Became a worshipper of Ashenzari the Shackled
  6420 | D:5      | Reached XP level 8. HP: 49/50 MP: 7/11
  6437 | D:5      | Found an iron altar of Okawaru.
  6474 | D:5      | Found Bozel's Antique Armour Shop.
  6990 | D:6      | Reached skill level 8 in Unarmed Combat
  7038 | D:6      | Gained mutation: You expend magic power (3 MP) to strengthen your wands. [mutagenic meat]
  7039 | D:6      | Gained mutation: Your body sometimes deteriorates upon taking damage. [mutagenic meat]
  7040 | D:6      | Gained mutation: Your body often deteriorates upon taking damage. [mutagenic meat]
  7041 | D:6      | Gained mutation: Your system is resistant to poisons. (rPois) [mutagenic meat]
  7043 | D:6      | Gained mutation: You are partially covered in slimy green scales. (AC +2) [mutagenic meat]
  7474 | D:6      | Reached skill level 9 in Unarmed Combat
  7686 | D:6      | Learned a level 5 spell: Blade Hands
  7973 | D:6      | Reached XP level 9. HP: 58/58 MP: 4/13
  8137 | D:6      | Reached * piety under Ashenzari
  9046 | D:8      | Noticed an orange demon
  9115 | D:8      | Noticed a rust devil
  9118 | D:8      | Found a corrupted altar of Lugonu.
  9119 | D:8      | Noticed a rust devil
  9146 | D:9      | Reached skill level 10 in Unarmed Combat
 10010 | D:10     | Entered Level 10 of the Dungeon
 10302 | D:9      | Reached skill level 11 in Unarmed Combat
 10469 | D:9      | Found a staircase to the Lair.
 10754 | D:9      | Reached XP level 10. HP: 63/63 MP: 12/16
 10762 | Lair:1   | Entered Level 1 of the Lair of Beasts
 10768 | Lair:1   | Learned a level 4 spell: Ice Form
 10823 | Lair:1   | Noticed PeterLawrence's ghost (novice MiFi)
 11284 | D:9      | Reached skill level 5 in Transmutations
 12342 | D:10     | Noticed a hill giant
 12428 | D:10     | Paralysed by a hornet for 2 turns
 12432 | D:10     | Mangled by a hornet

Skill      XL: |  1  2  3  4  5  6  7  8  9 10 |
---------------+-------------------------------+-----
Transmutations | 3 4 6 |  6.7
Poison Magic   | 1 2 3 |  3.4
Unarmed Combat | 5 7 9 11 | 11.6
Fighting       | 2 4 |  4.1
Spellcasting   | 4 |  4.1
Ice Magic      | 3 |  3.1
Dodging        | |  2.0

Action                   |  1- 3 |  4- 6 |  7- 9 | 10-12 || total
-------------------------+-------+-------+-------+-------++-------
Melee: Unarmed           |    92 |   173 |   372 |    73 ||   710
       Constrict         |    29 |     7 |     8 |       ||    44
       Kick              |    11 |       |       |       ||    11
       Tentacles         |    13 |     2 |     8 |       ||    23
       Punch             |     3 |     1 |       |     1 ||     5
 Cast: Beastly Appendage |    22 |       |     1 |       ||    23
       Spider Form       |     5 |    27 |    69 |    14 ||   115
       Ice Form          |       |       |       |     2 ||     2
Invok: Curse Item        |       |       |     4 |     1 ||     5
  Use: Potion            |       |     2 |       |     1 ||     3
       Scroll            |       |       |     2 |       ||     2
 Stab: Sleeping          |     4 |     2 |     4 |     2 ||    12
  Eat: Chunk             |     4 |    12 |    24 |     7 ||    47
       Beef jerky        |       |       |     3 |       ||     3
       Royal jelly       |       |       |     1 |       ||     1
       Meat ration       |       |       |     1 |       ||     1
Armor: Skin              |    12 |    11 |    56 |     6 ||    85
Dodge: Dodged            |    66 |   151 |   262 |    56 ||   535
